[Event "Bistro Stella Rapid 2018"]
[Site "Limhamm"]
[Date "2018.12.01"]
[Round "1"]
[White "Hansen, Sune Berg"]
[Black "Hillarp Persson, Tiger"]
[Result "0-1"]
[ECO "A36"]
[WhiteElo "2583"]
[BlackElo "2546"]
[Annotator "RC"]
[PlyCount "62"]
[EventDate "2018.12.01"]
[EventType "swiss"]
[EventCountry "SWE"]
[SourceTitle "playchess.com"]
[Source "ChessBase"]
[SourceQuality "1"]
[TimeControl "900+5"]

1. c4 g6 2. Nc3 Bg7 3. g3 c5 4. Bg2 Nc6 5. b3 d6 6. Bb2 Qd7 7. d3 b6 8. Qd2 Bb7 9. Nd5 e5 10. e3 Nge7 11. Ne2 Nxd5 12. Bxd5 Ne7 13. Bxb7 Qxb7 14. e4 f5 15. Nc3 a6 16. f3 b5 17. O-O O-O 18. Rf2 b4 19. Ne2 a5 20. f4 a4 21. bxa4 Rxa4 22. fxe5 dxe5 23. Qe3 Qc6 24. Nc1 f4 25. gxf4 exf4 26. Qe2 Bxb2 27. Qxb2 Qd6 28. e5 Qc6 29. Nb3 Raa8 30. Raf1 g5 31. Qe2 Nf5 0-1

[Event "Bistro Stella Rapid 2018"]
[Site "Limhamm"]
[Date "2018.12.01"]
[Round "2"]
[White "Westerberg, Jonathan"]
[Black "Tikkanen, Hans"]
[Result "1/2-1/2"]
[ECO "A05"]
[WhiteElo "2534"]
[BlackElo "2519"]
[Annotator "RC"]
[PlyCount "52"]
[EventDate "2018.12.01"]
[EventType "swiss"]
[EventCountry "SWE"]
[SourceTitle "playchess.com"]
[Source "ChessBase"]
[SourceQuality "1"]
[TimeControl "900+5"]

1. Nf3 Nf6 2. g3 g6 3. Bg2 Bg7 4. O-O O-O 5. d4 d6 6. a4 Nbd7 7. a5 c6 8. c4 e5 9. Nc3 Re8 10. e3 e4 11. Nd2 Qe7 12. Ndxe4 Nxe4 13. Nxe4 f5 14. Nc3 Nf6 15. a6 Qf7 16. Qa4 Ne4 17. Nxe4 fxe4 18. Bd2 Bg4 19. axb7 Qxb7 20. Qc2 Be2 21. Rfe1 Bd3 22. Qc3 Qf7 23. Bf1 Rf8 24. Bxd3 Qxf2+ 25. Kh1 Qf3+ 26. Kg1 Qf2+ 1/2-1/2

[Event "Bistro Stella Rapid 2018"]
[Site "Limhamm"]
[Date "2018.12.01"]
[Round "5"]
[White "Hector, Jonny"]
[Black "Semcesen, Daniel"]
[Result "0-1"]
[ECO "C50"]
[WhiteElo "2501"]
[BlackElo "2464"]
[Annotator "ChessBase"]
[PlyCount "96"]
[EventDate "2018.12.01"]
[EventType "swiss"]
[EventCountry "SWE"]
[SourceTitle "playchess.com"]
[Source "ChessBase"]
[SourceQuality "1"]
[TimeControl "900+5"]

1. e4 e5 2. Nf3 Nc6 3. Bc4 Be7 4. O-O Nf6 5. d4 d6 6. dxe5 Nxe5 7. Nxe5 dxe5 8. Qe2 c6 9. Rd1 Qc7 10. b3 O-O 11. Bb2 Bg4 12. f3 Bd7 13. a4 Rfd8 14. Nd2 Bc5+ 15. Kh1 Be8 16. Nf1 Qe7 17. Qe1 Nh5 18. g3 Nf6 19. g4 Nd7 20. Qg3 a6 21. a5 Kh8 22. g5 f6 23. gxf6 Qxf6 24. Be2 Bg6 25. Nd2 Bd6 26. Nc4 Bc7 27. Rd2 Bf7 28. Rad1 Be6 29. Bc3 Bxc4 30. Bxc4 Nf8 31. Rxd8 Rxd8 32. Rxd8 Qxd8 33. Bxe5 Qd1+ 34. Kg2 Qxc2+ 35. Kh3 Bxe5 36. Qxe5 Qd1 37. Qf5 Qd8 38. Bf7 Qe7 39. Kg2 g6 40. Qf4 Kg7 41. Bc4 g5 42. Qb8 Ng6 43. Kf2 Qc5+ 44. Ke1 Qe3+ 45. Kd1 Qxf3+ 46. Kc2 Qxe4+ 47. Bd3 Qe7 48. Bf5 Qc5+ 0-1